AoeStats
← fire

Arabia

509310477Analyzed
2v2 RM · 5d ago on Sep 26, 2026· 27m 20s· 4 players
Game mode
Random Map
Map size
Medium (4 player)
Population
200
Speed
Normal
Resources
Standard
Victory
Conquest
Starting age
Dark Age
Ending age
Imperial Age
RankedLock teamsTeams togetherTeam positionsShared explorationLock speedFull tech treeHidden civsTurbo modeCheats
Victory
Defeat
🇫🇷 Britons · France
1054
+15
🇫🇷 Franks · France
1028
+16
🇷🇺 Varangians · Russia
1070
-17
🇷🇺 Slavs · Russia
1004
-14
fire
7:14 Loom
9:35 Feudal Age
12:02 Bloodlines
12:37 Double-Bit Axe
23:37 Castle Age
24:23 Horse Collar
25:06 Stone Mining
26:29 Pikeman
skvad
12:00 Feudal Age
Sk!llzZ
6:42 Loom
10:12 Feudal Age
11:11 Double-Bit Axe
18:26 Scale Barding Armor
18:32 Forging
19:03 Gold Mining
22:51 Castle Age
21:09 Stone Mining
23:42 Husbandry
24:23 Gold Shaft Mining
24:30 Bow Saw
25:38 Iron Casting
Bip
7:19 Loom
9:34 Feudal Age
10:00 Double-Bit Axe
10:09 Gold Mining
10:40 Horse Collar
17:24 Wheelbarrow
24:36 Castle Age
23:00 Forging
25:31 Bow Saw
25:24 Heavy Plow
26:02 Gold Shaft Mining
24:54 Crossbowman
25:27 Fletching
26:03 Bodkin Arrow
26:43 Padded Archer Armor
27:11 Stone Mining
Connection lost

Rejoining the realm…

Still unreachable

The connection could not be restored.

Session expired

The server has moved on; the page needs a fresh start.